Cogmind - Beta 16.1 @@@ ROGUE MODE // 2026.03.24 @ 17:53:21 Player: Skrub Result: Destroyed by as-74753 with Assembled Rifle Performance ------------- Evolutions (0) 0 Regions Visited (2) 400 Robots Destroyed (19) 95 Value Destroyed (499) 499 Prototype IDs (0) 0 Alien Tech Used (0) 0 Bonus (0) 0 TOTAL SCORE: 994 Bonus ------- None Cogmind --------- Core Integrity 0/250 Matter 300/300 Energy 156/160 System Corruption 0% Temperature Cool (2) Movement Walking (120) Location -10/Mines Parts ------- > --- POWER (1) -------- Light Nuclear Core > --- PROPULSION (2) --- Aluminum Leg Aluminum Leg > --- UTILITY (2) ------ Sensor Array Signal Interpreter > --- WEAPON (2) ------- Particle Gun > --- INVENTORY (5) ---- Ion Engine Heat Sink Large Battery (200) Improved Light Cannon Improved Light Cannon Peak State ------------ > --- POWER ------------ Light Nuclear Core > --- PROPULSION ------- Aluminum Leg Aluminum Leg > --- UTILITY ---------- Disposable Heat Sink Large Battery > --- WEAPON ----------- Particle Gun Beam Cannon > --- INVENTORY -------- Ion Engine Light Treads Small Storage Unit [Rating: 11] Favorites ----------- Power Light Nuclear Core Engine Light Ion Engine Power Core Light Nuclear Core Propulsion Aluminum Leg Leg Aluminum Leg Utility Large Battery Device Sensor Array Storage Large Battery Processor Signal Interpreter Weapon Particle Gun Energy Gun Particle Gun Energy Cannon Beam Cannon Ballistic Gun Light Assault Rifle Build | -11 -10 -10 ------- Run | Yrd Mat Min Slots Evolved . | . . . Power . | . . . Propulsion . | . . . Utility . | . . . Weapon . | . . . Parts Attached 20 | 5 15 . Power 4 | 1 3 . Engine 2 | 1 1 . Core 2 | . 2 . Reactor . | . . . Propulsion 5 | 2 3 . Treads . | . . . Leg 5 | 2 3 . Wheel . | . . . Hover . | . . . Flight . | . . . Utility 5 | . 5 . Device 3 | . 3 . Storage 1 | . 1 . Processor 1 | . 1 . Hackware . | . . . Protection . | . . . Artifact . | . . . Weapon 6 | 2 4 . Energy Gun 3 | . 3 . Energy Cannon 1 | . 1 . Ballistic Gun 2 | 2 . . Ballistic Cannon . | . . . Launcher . | . . . Special Weapon . | . . . Impact Weapon . | . . . Slashing Weapon . | . . . Piercing Weapon . | . . . Special Melee Weapon . | . . . Unidentified Prototypes . | . . . Parts Lost 6 | . 6 . Power 2 | . 2 . Propulsion 1 | . 1 . Utility . | . . . Weapon 3 | . 3 . Highest Loss Streak 3 | . 3 . To Critical Strikes . | . . . Average Backups 3 | . 3 5 Power . | . . 1 Propulsion . | . . . Utility 1 | . 1 2 Weapon . | . . 2 Tool/Special . | . . . Unused Backups 4 | . 2 2 Power . | . . . Propulsion 1 | . 1 . Utility 1 | . 1 . Weapon 2 | . . 2 Tool/Special . | . . . Average Slot Usage (%) 80 | . 80 85 Engine 1 | . 1 . Core 11 | . 11 14 Leg 28 | . 28 28 Device 7 | . 7 14 Storage 6 | . 6 . Processor 4 | . 4 14 Energy Gun 12 | . 12 14 Energy Cannon 2 | . 2 . Ballistic Gun 5 | . 5 . Peak Build Rating 11 | 5 11 9 Average Rating 8 | 3 8 9 On Entrance 4 | . 5 9 Avg Prop Armor Cover (%) . | . . . Naked Turns . | . . . Heaviest Build 14 | 6 14 9 Greatest Support 20 | 20 20 20 Greatest Overweight (x) . | . . . Average Overweight (x) . | . . . Largest Inventory Capacity 5 | 5 5 5 Average Capacity 5 | 5 5 5 Most Carried 5 | 2 5 5 Average Carried 3 | 1 3 5 Final Capacity 5 | 5 5 5 Final Carried 5 | 2 5 5 Class Distribution -------------------- 51% | Scavenger-Mutant 48% | Mutant Dominant Class ---------------- Scavenger-Mutant | -10/Materials Scavenger-Mutant | -10/Mines Resources | -11 -10 -10 ----------- Run | Yrd Mat Min Matter Collected 467 | 168 299 . Remotely . | . . . Salvage Created 647 | . 647 . Parts 41 | . 41 . Haulers Intercepted 1 | . 1 . Recyclers Shooed . | . . . Parts Field Recycled . | . . . Retrieved Matter . | . . . Parts Self-Destructed . | . . . Prevented . | . . . Parts Restored . | . . . Kills | -11 -10 -10 ------- Run | Yrd Mat Min Combat Hostiles Destroyed 15 | . 15 . Guns 12 | . 12 . Cannons 3 | . 3 . Classes Destroyed 5 | . 5 . Worker 1 | . 1 . Hauler 1 | . 1 . Watcher 2 | . 2 . Swarmer 3 | . 3 . Grunt 12 | . 12 . Best Kill Streak 4 | . 4 . Combat Bots Only 4 | . 4 . Max Kills in Single Turn 2 | . 2 . Gunslinging . | . . . Exploded . | . . . Melee . | . . . Uniques/NPCs Destroyed . | . . . Combat | -11 -10 -10 -------- Run | Yrd Mat Min Hostile Shots Fired 108 | . 105 3 Missed 32 | . 32 . Hits 76 | . 73 3 Projectile 76 | . 73 3 Critical Strikes 1 | . 1 . Damage Taken 904 | . 862 42 Core 253 | . 211 42 Absorbed by Shields . | . . . Regen/Repaired (Parts) 32 | . 32 . Core Remaining (%) 100 | 100 . . Volleys Fired 58 | . 58 . Largest 2 | . 2 . Hottest 125 | . 125 . Shots Fired 97 | . 97 . Gun 76 | . 76 . Cannon 21 | . 21 . Launcher . | . . . Special . | . . . Kinetic 36 | . 36 . Thermal 44 | . 44 . Explosive . | . . . Electromagnetic 17 | . 17 . Robot Hit Streak 8 | . 8 . Robot Miss Streak 5 | . 5 . Penetration Max . | . . . Secondary Targets . | . . . Shots Hit Robots 59 | . 59 . Core Hits 31 | . 31 . Critical Kills 1 | . 1 . Critical Parts Destroyed . | . . . Critical Strikes 2 | . 2 . Burn 1 | . 1 . Destroy 1 | . 1 . Melee Attacks . | . . . Impact . | . . . Slashing . | . . . Piercing . | . . . Sneak Attacks . | . . . Combat Hostiles . | . . . Follow-up Attacks . | . . . Damage Inflicted 806 | . 806 . Guns 631 | . 631 . Cannons 175 | . 175 . Explosions . | . . . Melee . | . . . Ramming . | . . . Kinetic 218 | . 218 . Thermal 400 | . 400 . Explosive . | . . . Electromagnetic 188 | . 188 . Impact . | . . . Slashing . | . . . Piercing . | . . . Highest Corruption . | . . . Average Corruption . | . . . Corruption Purged . | . . . Corruption Blocked . | . . . Overload Shots . | . . . Overflow Damage . | . . . Projectiles . | . . . Explosions . | . . . Melee . | . . . Knockbacks . | . . . Impact . | . . . Kinetic . | . . . Secondary . | . . . Self-Inflicted Damage . | . . . Shots . | . . . Rammed . | . . . Targets Rammed . | . . . Kicked . | . . . Crushed . | . . . Highest Temperature 300 | . 300 . Average Temperature 86 | . 86 . Received Heat Transfer 453 | . 444 9 Siege Activations . | . . . Martial Activations . | . . . Shielding Activations . | . . . Robots Disrupted . | . . . Combat Hostiles . | . . . Robots Corrupted . | . . . Combat Hostiles . | . . . Parts Fried . | . . . Impact Corruptions . | . . . Robots Melted . | . . . Combat Hostiles . | . . . Parts Melted . | . . . Heat Transferred 962 | . 962 . Parts Sabotaged . | . . . Parts Stolen . | . . . Parts Stripped . | . . . Power Chain Reactions . | . . . Alert | -11 -10 -10 ------- Run | Yrd Mat Min Maximum Alert Level 1 | . 1 . Low Security (%) 83 | 100 82 100 Level 1 16 | . 17 . Level 2 . | . . . Level 3 . | . . . Level 4 . | . . . Level 5 . | . . . High Security . | . . . Max Security . | . . . Peak Influence 253 | . 253 22 Initial 22 | . . 22 Average 102 | . 109 14 Influence Increases 512 | . 512 . Destroy 0b10 Robot/C 300 | . 300 . Destroy 0b10 Robot/NC 20 | . 20 . Destroy Leader 66 | . 66 . Successful Hack 19 | . 19 . Destroy Structure 2 | . 2 . Lose Combat Pursuer 105 | . 105 . Influence Decreases 510 | . 454 56 Entered New Map 36 | . . 36 Time Decay 434 | . 414 20 Lost Part 40 | . 40 . Squads Dispatched 3 | . 3 . Investigation 1 | . 1 . Extermination . | . . . Reinforcement 2 | . 2 . Assault . | . . . Garrison . | . . . Intercept . | . . . Searches Triggered . | . . . Construction Impeded . | . . . Haulers Reinforced . | . . . Active Scanning Responses . | . . . Cargo Convoy Interrupts . | . . . Stealth | -11 -10 -10 --------- Run | Yrd Mat Min Distress Signals 1 | . 1 . Communications Jammed . | . . . Distress Signals . | . . . Times Spotted 44 | . 32 12 Peak Tracking Total 8 | . 8 7 Tactical Retreats 3 | . 3 . Traps | -11 -10 -10 ------- Run | Yrd Mat Min Traps Triggered 1 | . 1 . Indirectly . | . . . Trap Hack Attempts . | . . . Triggered . | . . . Disarmed . | . . . Reprogrammed . | . . . Reused . | . . . Traps Extracted . | . . . Installed . | . . . Triggered . | . . . Machines | -11 -10 -10 ---------- Run | Yrd Mat Min Machines Disabled . | . . . Max in Single Turn . | . . . Machines Repaired . | . . . Machines Dismantled . | . . . Machines Sabotaged . | . . . Overloaded Fab Kills . | . . . Hacking | -11 -10 -10 --------- Run | Yrd Mat Min Machines Accessed 9 | . 9 . Terminals 6 | . 6 . Fabricators . | . . . Repair Stations 1 | . 1 . Recycling Units 2 | . 2 . Scanalyzers . | . . . Garrison Access . | . . . Total Hacks 27 | . 27 . Successful 12 | . 12 . Failed 15 | . 15 . Catastrophic 1 | . 1 . Database Lockouts . | . . . Manual 26 | . 26 . Terminals 20 | . 20 . Fabricators . | . . . Repair Stations 2 | . 2 . Recycling Units 5 | . 5 . Scanalyzers . | . . . Garrison Access . | . . . Terminal Hacks . | . . . Fabricator Hacks . | . . . Repair Station Hacks 2 | . 2 . Scan Component 1 | . 1 . Repair 1 | . 1 . Recycling Unit Hacks . | . . . Scanalyzer . | . . . Garrison Access Hacks . | . . . Unauthorized Hacks 10 | . 10 . Terminals 9 | . 9 . Botnet 5 | . 5 . Skim 4 | . 4 . Fabricators . | . . . Repair Stations . | . . . Recycling Units 1 | . 1 . Mask 1 | . 1 . Scanalyzers . | . . . Garrison Access . | . . . Data Cores Recovered . | . . . Used . | . . . Hacking Detections 9 | . 9 . Full Trace Events . | . . . Feedback Events . | . . . Feedback Blocked . | . . . Robot Schematics Acquired . | . . . Robots Built . | . . . Authchips . | . . . Time . | . . . Total Robot Build Rating . | . . . Part Schematics Acquired . | . . . Parts Built . | . . . Authchips . | . . . Time . | . . . Total Part Build Rating . | . . . Part Studies Acquired . | . . . Parts Repaired 1 | . 1 . Time 38 | . 38 . Parts Recycled . | . . . Recycled Matter . | . . . Retrieved Matter . | . . . Retrieved Components . | . . . Parts Scanalyzed . | . . . Part Schematics Acquired . | . . . Parts Damaged . | . . . Bothacking | -11 -10 -10 ------------ Run | Yrd Mat Min Used RIF Installer . | . . . Robots Hacked . | . . . Non-combat . | . . . Combat . | . . . Robot Hacks Applied . | . . . Relay Couplers Released . | . . . Fabnet Peak Effective % . | . . . Robots Rewired . | . . . Allies Hacked . | . . . Hacks Repelled . | . . . Allies | -11 -10 -10 -------- Run | Yrd Mat Min Total Allies . | . . . Largest Group . | . . . Highest-Rated Group . | . . . Highest-Rated Ally . | . . . Total Orders . | . . . Ally Attacks . | . . . Total Damage . | . . . Kills . | . . . Allies Corrupted . | . . . Allies Melted . | . . . Intel | -11 -10 -10 ------- Run | Yrd Mat Min Active Infowar (turns) 435 | . 389 46 Sensors 435 | . 389 46 Robot Analysis Total . | . . . Derelict Logs Recovered . | . . . Drone Launches . | . . . Drone Recoveries . | . . . Exploration | -11 -10 -10 ------------- Run | Yrd Mat Min Turns Passed 1413 | 41 1326 46 Spaces Moved 937 | 28 870 39 Core 2 | 2 . . Treads . | . . . Legs 935 | 26 870 39 Wheels . | . . . Hover . | . . . Flight . | . . . Fastest Speed 50 | 50 120 120 Average Speed 119 | 115 120 120 Slowest Speed 120 | 120 120 120 Overloaded Moves . | . . . Propulsion Burnouts . | . . . Robots Hopped . | . . . Potential Cave-ins . | . . . Cave-ins Triggered . | . . . Exploration Rate (%) 39 | 4 97 17 Regions Visited 2 Branch Regions 1 Pre-discovered Areas . | . . . Known Exits Taken 1 | . 1 . Unknown Exits Taken 1 | 1 . . Scrap Searched . | . . . Spaces Dug . | . . . Terrain Destroyed . | . . . Melee . | . . . Projectile . | . . . AOE . | . . . Terrain Rammed . | . . . Walls Destroyed . | . . . Machines Disabled . | . . . Actions | -11 -10 -10 --------- Run | Yrd Mat Min Total 1130 | 34 1057 39 Wait 96 | . 96 . Move 935 | 27 869 39 Hop . | . . . Pick Up 11 | 2 9 . Fast Attach 15 | 5 10 . Attach 5 | . 5 . Detach 1 | . 1 . Swap 1 | . 1 . Drop 8 | . 8 . Fire 58 | . 58 . Melee . | . . . Ram . | . . . Kick . | . . . Crush . | . . . Escape Stasis . | . . . Rewire . | . . . Trap . | . . . Miscellaneous . | . . . Route ------- -11/Scrapyard -10/Materials (discovered 5 exits: *Mat x3 / *Min x2) -10/Mines History --------- Turn | Location | Event 18 | -11/Scrapyard | Discovered new exit (range 16) 42 | -11/Scrapyard | Entered Materials 302 | -10/Materials | Discovered new exit (range 7) 303 | -10/Materials | Build established: Mutant 384 | -10/Materials | Discovered new exit (range 14) 432 | -10/Materials | Core integrity fell below 50% 484 | -10/Materials | Lost 3 parts (1p1n1w) 641 | -10/Materials | Discovered new exit (range 5) 689 | -10/Materials | Core integrity fell below 20% 798 | -10/Materials | Repaired Lgt. Nuclear Core 889 | -10/Materials | Discovered new exit (range 14) 1001 | -10/Materials | Build established: Scavenger-Mutant 1081 | -10/Materials | Discovered new exit (range 16) 1098 | -10/Materials | Identified exit to Mines 1176 | -10/Materials | Identified exit to Materials 1242 | -10/Materials | Derelicts attacked the area 1368 | -10/Materials | Entered Mines 1369 | -10/Mines | Assembled infested the area 1374 | -10/Mines | Assisted by a Guerilla fighting off Assembled 1414 | -10/Mines | Destroyed by as-74753 with Assembled Rifle Last Messages --------------- 01250_ K-01 Serf cleans the TF Node. 01293_ Acquired 3 matter. 01333_ K-01 Serf cleans the Terminal. 01355_ K-01 Serf cleans the TF Node. LOCATION=MINES GOAL=ESCAPE Something is scanning the area. 01369_ ALERT: Infestation in the mines, dispatching Demolisher response squad. 01374_ A derelict emerges from the shadows: "You need to get out of here! I've been tracking a group of Assembled to figure out where they're coming from, and they're closing on this area, come on!" 01384_ JM-WPS(h): "I'll hold them off! Go on ahead or try to find another way!" 01390_ HV Slug penetrates Wall. 01414_ C-45 Heavy ARC bursts open, deploying its payload. 01414_ D-53 Grenadier unfolds itself. Map ----- +----------------------------------------------------+ | ??????????????????????????????????????????? | | ??????????????????????????????????????????? | | ??????????????????????????????????????????? | | ??????????????????????????????????????????? | | ??????????????????????????????????????????? | | ??????????????????????????????????????????? | | ??????????????????????????????????????????? | | ??????????????????????????????????????????? | | ??????????????????????????????????????????? | | ??????????????????????????????????????????? | | ??????????????????????????????????????????? | | ??????????????????????????????????????????? | | ??????????????????????##??????????????????? | | ????????????????????? ##?????????????????? | | ??????????????### ?? #?????????????????? | | ??????????????# #?????????????????? | | ?????????????? """ ??????????????????? | | ??????????????? """ ???????????????????? | | ??????????????? """ ?????????????????????? | | ??????????????? ??????????????????????? | | ??????????????? #???????????????????????? | | ????????????#### #????????????????????????? | | ????????????# #????????????????????????? | | ??????####### ##d###??????????????????????? | | ??????# x ## d #??????????????????????? | | ??????# ##### ####@#??????????????????????? | | ??????# #???# ### #??????????????????????? | | ??????# #??? ## ?????????????????????? | | ??????# #??? ## ?????????????????????? | | ??????# #??? ????????????????????? | | ??????# #?## a ???????????????????? | | ?????## ### ### a###??????????????????? | | ????## #?? #????????????????????? | | ????# """ #??? ????????????????????? | | ????# """ #??? #????????????????????? | | ????## """ ##??? #????????????????????? | | ?????### ##?###aa#????????????????????? | | ???????## ##? # ???????????????? | | ????????### ## a #???????????????? | | ??????????# #???????????????? | | ??????????# ### #???????????????? | | ??????????# #???????? #???????????????? | | ???####???# #?????????????????????????????? | | ??## ##### ##????????????????????????????? | | ??# ##???????????????????????????? | | ??# !! ! ##??????????????????????????? | | ??# !!! ##?????????????????????????? | | ??# !! ! ##????????????????????????? | | ??# !!! #????????????????????????? | | ??# #????????????????????????? | +----------------------------------------------------+ Best States ------------- Heat Dissipation 35 Coolant Potential 50 Energy Generation 14 Energy Capacity 450 Matter Stores 300 Matter Capacity 300 Sight Range 16 Robot Scan Range 14 Terrain Scan Density 10 Evasion (%) 55 Item Schematics ----------------- None Robot Schematics ------------------ None Fabricated ------------ Nothing Repaired ---------- Lgt. Nuclear Core | 36% | -10/Materials Studied --------- None Alien Tech Used ----------------- None Achievements -------------- None Challenges ------------ None Game ------ Seed ImpulseCoolingBlade Manual? 0 Play Time 00:17:29 Cumulative 19.9 hours Start 2026.03.24 @ 17:31:58 End 2026.03.24 @ 17:53:21 Sessions 1 Manual Loads 0 Difficulty Rogue Special Mode None Game No. 28 Rogue 28 Adventurer 0 Explorer 0 Win Type - Total 0 Types 0/0/0/0/0/0/0/0/0/0 Lore% 9 Gallery% 19 Achievement% 18 Wizard Run 0 Options --------- Layout 1 ASCII 0 Keyboard 0 Movement Mouse Keybinds 0 Fullscreen 1 Font 48/Smallcaps Map View 50x35 Zoom Use 0% Tactical HUD 1 Map Filters NONE Filters NONE Steam 1 RUN: 9ee55cc5-043b-4f1d-b12b-1aa117262306